 Dungeon Crawl Stone Soup version 0.19-GnollCrawlA-1-g03664ee (webtiles) character file.

50046 AlphabetPasta the Ducker (level 1, -1/22 HPs)
             Began as a Troll Berserker on Mar 15, 2017.
             Was the Champion of Trog.
             Killed by a distortion unwield (23 damage)
             ... on level 3 of the Elven Halls on Mar 16, 2017.
             The game lasted 02:02:54 (24200 turns).

AlphabetPasta the Ducker (Troll Berserker)         Turns: 24200, Time: 02:02:55

Health: -1/22      AC: 16    Str: 25    XL:     1   Next: 0%
Magic:  9/9        EV: 15    Int:  9    God:    Trog [******]
Gold:   4578       SH:  4    Dex: 10    Spells: 0 memorised, 0 levels left

rFire  . . .     SeeInvis .     (no weapon)
rCold  + . .     Gourm    +     W - +2 steam dragon armour
rNeg   . . .     Faith    .     (no shield)
rPois  .         Spirit   .     y - +2 hat
rElec  +         Dismiss  .     A - +2 cloak of Zusavula {rElec rC+ MR- Int+5}
rCorr  .         Reflect  +     (gloves unavailable)
SustAt .         Harm     .     (boots unavailable)
MR     .....     Clarity  +     G - +4 amulet of reflection
Stlth  +.........               Z - +4 ring of evasion
                                V - ring of the Octopus King {MP+9 AC+1 EV+1 Str+1 Int+1 Dex+1}

@:
A: unfitting armour, claws 3, blink, clarity, fast metabolism 3, gourmand, magic
resistance 1, regeneration 2, shaggy fur 1, tough skin 2
a: Blink, Berserk, Trog's Hand, Brothers in Arms, Burn Spellbooks, Renounce
Religion
}: 3/15 runes: decaying, slimy, gossamer


You were on level 3 of the Elven Halls.
You worshipped Trog.
Trog was exalted by your worship.
You were completely stuffed.

You visited 7 branches of the dungeon, and saw 35 of its levels.
You visited the Abyss 1 time.
You also visited: Trove, Ice Cave and Volcano.

You collected 4735 gold pieces.
You spent 157 gold pieces at shops.

Inventory:

Hand Weapons
 a - a +2 halberd of flaming
 b - the +6 shortbow "Yzxant" {flame, MR+}
   (You found it in an ice cave)

   It causes projectiles fired from it to burn those they strike, causing extra
   injury to most foes and up to half again as much damage against particularly
   susceptible opponents.
   It affects your resistance to hostile enchantments.
 k - a +2 glaive of distortion
 l - a +0 halberd of freezing
 m - a +4 bardiche of venom
 o - a +4 bardiche of distortion
Missiles
 B - 371 arrows
 F - 5 javelins (quivered)
Armour
 y - a +2 hat (worn)
 A - the +2 cloak of Zusavula (worn) {rElec rC+ MR- Int+5}
   (You acquired it on level 10 of the Dungeon)

   It affects your intelligence (+5).
   It protects you from cold.
   It insulates you from electricity.
   It affects your resistance to hostile enchantments.
 W - a +2 steam dragon armour (worn)
Jewellery
 t - a +3 ring of protection
 w - an uncursed ring of poison resistance
 z - an uncursed ring of flight
 G - a +4 amulet of reflection (around neck)
 I - an uncursed ring of sustain attributes
 Q - an uncursed ring of resist corrosion
 V - a ring of the Octopus King (left claw) {MP+9 AC+1 EV+1 Str+1 Int+1 Dex+1}
   (You found it on level 9 of the Dungeon)

   [ring of magical power]

   It affects your AC (+1).
   It affects your evasion (+1).
   It affects your strength (+1).
   It affects your intelligence (+1).
   It affects your dexterity (+1).
   It affects your magic capacity (+9).
 Y - the ring "Nexomi" {rC++ Stlth+}
   (You found it on level 5 of the Pits of Slime)

   [ring of stealth]

   It greatly protects you from cold.
   It makes you more stealthy.
 Z - a +4 ring of evasion (right claw)
Wands
 d - a wand of confusion (30/48)
 i - a wand of heal wounds (6/9)
 q - a wand of slowing (31/48)
 u - a wand of confusion (26/48)
 E - a wand of hasting (5/9)
 M - a wand of flame (1/48)
 O - a wand of digging (18/24)
 P - a wand of acid (7/15)
 T - a wand of paralysis (10/24)
 U - a wand of acid (6/15)
Scrolls
 h - 8 scrolls of identify
 v - 5 scrolls of enchant armour
 x - a scroll of magic mapping
 D - 8 scrolls of recharging
 J - 20 scrolls of remove curse
 L - 2 scrolls of fear
 N - 3 scrolls of blinking
 X - 16 scrolls of teleportation
Potions
 e - 8 potions of ambrosia
 f - 5 potions of haste
 n - a potion of agility
 p - 4 potions of heal wounds
 r - a potion of cancellation
 s - a potion of resistance
 C - 4 potions of flight
 K - 4 potions of might
 S - 2 potions of invisibility
Comestibles
 c - 21 bread rations
 g - 4 chunks of flesh
 j - 18 meat rations
 H - 8 beef jerkies
 R - 17 fruits


   Skills:
 + Level 2.4 Fighting
 + Level 2.4 Polearms
 + Level 2.4 Dodging


You couldn't memorise any spells.
You didn't know any spells.

Dungeon Overview and Level Annotations

Branches:
Dungeon (11/15)            Temple (0/1) D:1            Lair (6/6) D:8
  Swamp (4/4) Lair:2       Spider (4/4) Lair:4        Slime (5/5) Lair:5
    Orc (2/2) D:11            Elf (3/3) Orc:2

Altars:
Dithmenos
Gozag
Nemelex Xobeh
Sif Muna
Vehumet
Jiyva

Shops:
Orc:2 }!*}}[


Innate Abilities, Weirdness & Mutations

You are too large for most types of armour.
You have claws for hands.
Your metabolism is lightning-fast.
You like to eat raw meat.
You heal very quickly.
You are covered in fur. (AC +1)
You have very tough skin. (AC +2)
You can translocate small distances at will.
You possess an exceptional clarity of mind.
You are resistant to hostile enchantments. (MR+)


Message History

v - 5 scrolls of enchant armour;
L - 2 scrolls of fear
x - a scroll of magic mapping;
D - 8 scrolls of recharging
J - 20 scrolls of remove curse;
X - a scroll of silence You can't carry that many items.
Things that are here:
2 scrolls of summoning; 16 scrolls of teleportation Drop what? 52/52 slots (_ for help) (? for menu, Esc to quit)
You drop a scroll of silence.
Things that are here:
2 scrolls of summoning; 16 scrolls of teleportation
X - 16 scrolls of teleportation You see here a halberd.
Found 29 gold pieces.
F - 5 javelins (gained 1)
There is an open door, spattered with blood here.
Wield which item (- for none, * to show all)? (? for menu, Esc to quit)
Really unwield
k - a +2 glaive of distortion?
Space warps crazily around you!
Ouch! That really hurt!
You die...

#.##
##.##### ##
#..# ##.##
#
##.####.##
###...##.##
#...[...##
#.#??.###
##.## ##)#
#@##
#.....##
#......
#......
#......
##...$.
##...+ ####


There were no monsters in sight!

Vanquished Creatures
  A gnoll sergeant (Slime:5)
  491 gnolls
  The ghost of AlphabetPasta the Ducker, a weakling TrBe of Trog (D:6)
493 creatures vanquished.

Vanquished Creatures (others)
  38 gnolls
  2 fungi (Lair:6)
40 creatures vanquished.

Grand Total: 533 creatures vanquished

Notes
Turn   | Place    | Note
-------+----------+-------------------------------------------
     0 | D:1      | AlphabetPasta the Troll Berserker began the quest for the Orb.
     0 | D:1      | Reached XP level 1. HP: 22/22 MP: 0/0
    29 | D:1      | HP: 1/22 [gnoll (8)]
    79 | D:1      | Found a staircase to the Ecumenical Temple.
  1538 | D:2      | Reached ** piety under Trog
  4042 | D:5      | Entered Level 5 of the Dungeon
  4096 | D:5      | Reached *** piety under Trog
  4820 | D:6      | Noticed AlphabetPasta's ghost (weakling TrBe)
  4827 | D:6      | Killed AlphabetPasta's ghost
  5773 | D:7      | Reached **** piety under Trog
  6726 | D:8      | Found a staircase to the Lair.
  7754 | Lair:1   | Entered Level 1 of the Lair of Beasts
  7816 | Lair:1   | Gained mutation: You are resistant to hostile enchantments. (MR+) [potion of beneficial mutation]
  7817 | Lair:1   | Gained mutation: You possess an exceptional clarity of mind. [potion of beneficial mutation]
  8115 | Lair:1   | Gained mutation: You can translocate small distances at will. [potion of beneficial mutation]
  8854 | Lair:2   | Found a staircase to the Swamp.
  9204 | Swamp:1  | Entered Level 1 of the Swamp
 10096 | Swamp:2  | Reached ***** piety under Trog
 10649 | Swamp:3  | Found a frozen archway.
 10653 | IceCv    | Entered an ice cave
 10986 | IceCv    | Got a faintly glowing cloak
 10988 | IceCv    | Got a polished shortbow
 11003 | IceCv    | Identified the +1 cloak "Xiablost" {+Blink rF- Int+3 Dex+3} (You found it in an ice cave)
 11147 | Swamp:3  | Identified the +6 shortbow "Yzxant" {flame, MR+} (You found it in an ice cave)
 11739 | Swamp:4  | Entered Level 4 of the Swamp
 11942 | Swamp:4  | Received a gift from Trog
 12164 | Swamp:4  | Got a decaying rune of Zot
 12541 | Lair:3   | Found a dark tunnel.
 12549 | Volcano  | Entered a volcano
 13465 | Lair:4   | Found a hole to the Spider Nest.
 14135 | Spider:1 | Entered Level 1 of the Spider Nest
 15522 | Spider:3 | Reached ****** piety under Trog
 15862 | Spider:4 | Entered Level 4 of the Spider Nest
 15882 | Spider:4 | Received a gift from Trog
 16045 | Spider:4 | Got a gossamer rune of Zot
 17161 | Lair:5   | Found a runed door.
 17161 | Lair:5   | Found a viscous altar of Jiyva.
 17161 | Lair:5   | Found a staircase to the Slime Pits.
 17170 | Slime:1  | Entered Level 1 of the Pits of Slime
 17311 | Slime:5  | Entered Level 5 of the Pits of Slime
 17343 | Slime:5  | Found a viscous altar of Jiyva.
 17343 | Slime:5  | Noticed a gnoll sergeant
 17513 | Slime:5  | Identified a scroll of acquirement
 17564 | Slime:5  | Got a vibrating pewter ring
 17572 | Slime:5  | Identified the ring "Nexomi" {rC++ Stlth+} (You found it on level 5 of the Pits of Slime)
 17595 | Slime:5  | Got a shimmering halberd
 17610 | Slime:5  | Got a slimy rune of Zot
 17803 | Slime:5  | Killed a gnoll sergeant
 17904 | Lair:6   | Entered Level 6 of the Lair of Beasts
 18941 | D:8      | Identified the +4 halberd of the Doomed Warrior {drain, *Rage +Blink rElec rC+++} (You found it on level 5 of the Pits of Slime)
 19141 | D:9      | Found a sparkling altar of Nemelex Xobeh.
 19275 | D:9      | Found a shadowy altar of Dithmenos.
 19764 | D:9      | Got a ring of the Octopus King
 19819 | D:9      | Identified a ring of the Octopus King {MP+9 AC+1 EV+1 Str+1 Int+1 Dex+1} (You found it on level 9 of the Dungeon)
 19924 | D:10     | Entered Level 10 of the Dungeon
 20039 | D:10     | Got a slimy cloak
 20050 | D:10     | Identified the +2 cloak of Zusavula {rElec rC+ MR- Int+5} (You acquired it on level 10 of the Dungeon)
 20125 | D:10     | Received a gift from Trog
 20379 | D:10     | Found a deep blue altar of Sif Muna.
 21132 | D:11     | Found an opulent altar of Gozag.
 21209 | D:11     | Found a staircase to the Orcish Mines.
 21359 | Orc:1    | Entered Level 1 of the Orcish Mines
 21453 | Orc:2    | Entered Level 2 of the Orcish Mines
 21492 | Orc:2    | Found a radiant altar of Vehumet.
 21519 | Orc:2    | Found Gujiedo's Quality Used Wands.
 21527 | Orc:2    | Found Laelorus's Antique Armour Shoppe.
 21545 | Orc:2    | Found a staircase to the Elven Halls.
 21947 | Orc:1    | Cast into level 1 of the Abyss (a distortion unwield)
 21996 | Orc:1    | Escaped the Abyss
 22156 | Orc:2    | Found Veisum's Gadget Shop.
 22156 | Orc:2    | Found Lorud's Distillery.
 22157 | Orc:2    | Found Monotop's Gadget Boutique.
 22160 | Orc:2    | Found Teoffom's Assorted Antiques.
 22164 | Orc:2    | Bought a potion of heal wounds for 70 gold pieces
 22166 | Orc:2    | Bought a purple potion for 27 gold pieces
 22166 | Orc:2    | Bought a scroll of identify for 60 gold pieces
 22388 | Elf:1    | Entered Level 1 of the Elven Halls
 22536 | Elf:1    | Received a gift from Trog
 22734 | Elf:1    | Identified Kikubaaqudgha's Almanac of Unholy Secrets
 23161 | Elf:2    | Found a runed gate.
 23161 | Elf:2    | Found a runed gate.
 23162 | Elf:2    | Found a runed gate.
 23776 | Elf:3    | Entered Level 3 of the Elven Halls
 23819 | Elf:3    | Received a gift from Trog
 24114 | Elf:3    | Found a portal to a secret trove of treasure.
 24141 | Elf:3    | You paid a toll of 19 potions of curing to enter a treasure trove
 24142 | Trove    | Entered a treasure trove
 24157 | Trove    | Got a warped triple crossbow
 24180 | Elf:3    | Identified the +10 triple crossbow of Osoygg {elec, *Confuse Int+7 Stlth+} (You found it in a treasure trove)
 24200 | Elf:3    | Killed by a distortion unwield

Action                   || total
-------------------------++-------
Melee: Halberd           ||  1253
       Spear             ||    45
       Glaive            ||     1
 Fire: Shortbow          ||    85
Throw: Javelin           ||   161
Invok: Berserk           ||    39
       Burn Spellbooks   ||     9
Evoke: Wand              ||    37
  Use: Scroll            ||    57
       Potion            ||    11
 Stab: Sleeping          ||    10
       Confused          ||     1
  Eat: Chunk             ||     6
Armor: Animal skin       ||   196
       Robe              ||    70
Dodge: Dodged            ||   420
Block: Other             ||    30
